 Dungeon Sprint DCSS version 0.21-a0-400-g417d9d2 (webtiles) character file.

16738 Amnesiac the Unseen (level 12, 0/95 HPs)
             Began as a Demonspawn Earth Elementalist on Oct 20, 2017.
             Was the Champion of Dithmenos.
             Killed from afar by a shadow dragon (55 damage)
             ... with a bolt of negative energy
             ... in the Dungeon (Sprint I: "Red Sonja").
             The game lasted 00:12:52 (2165 turns).

Amnesiac the Unseen (Demonspawn Earth Elementalist) Turns: 2165, Time: 00:12:53

Health: 0/95       AC: 10    Str: 10    XL:     12   Next: 12%
Magic:  7/20       EV: 17    Int: 16    God:    Dithmenos [******]
Gold:   855        SH:  0    Dex: 16    Spells: 17/29 levels left

rFire    + . .     SeeInvis .   n - +1 dagger (venom)
rCold    + . .     Gourm    .   (no shield)
rNeg     . . .     Faith    .   i - +1 leather armour {rF+}
rPois    .         Spirit   .   (helmet restricted)
rElec    .         Reflect  .   (no cloak)
rCorr    .         Harm     .   t - +0 pair of gloves {archery}
MR       .....     Rnd*Rage +   s - +0 pair of boots Stlth ++++++++++NoTele +
                                (no amulet)
HPRegen  0.25/turn              (no ring)
MPRegen  0.17/turn              (no ring)

@: wreathed by umbra, heavily drained
A: horns 1, icy blue scales 3, berserk 1, blurry vision 1, demonic guardian 2,
dopey 1, low mp 2, rot immunity, MP-powered wands
a: Shadow Step, Shadow Form, Renounce Religion


You were in the Dungeon.
You worshipped Dithmenos.
Dithmenos was exalted by your worship.
You were not hungry.

You visited 1 branch You collected 2009 gold pieces.
You spent 1154 gold pieces at shops.

Inventory:

Hand Weapons
 m - a +0 blowgun
 n - a +1 dagger of venom (weapon)
Missiles
 b - 26 stones (quivered)
 d - 4 needles of sleeping
 l - 5 curare-tipped needles
 p - 2 throwing nets
Armour
 i - a +1 leather armour of fire resistance (worn)
 s - a +0 pair of boots (worn)
 t - a +0 pair of gloves of archery (worn)
 y - the +2 buckler of Minor Irritation {-Tele Str+4}
   (You bought it in a shop in the Dungeon)

   It affects your strength (+4).
   It prevents most forms of teleportation.
Scrolls
 o - a scroll of enchant weapon {!r}
 r - 3 scrolls of remove curse {!r}
 u - 3 scrolls of amnesia {!r}
 w - 2 scrolls of identify {!r}
 x - a scroll of fear {!r}
 z - a scroll of fog {!r}
Potions
 a - a potion of cancellation {!q}
 e - 4 potions of curing {!q}
 f - a potion of heal wounds {!q}
 g - a potion of haste {!q}
 h - 2 potions of magic {!q}
 q - 2 potions of might {!q}
Books
 k - a book of Geomancy

   Spells                             Type                      Level
   a - Sandblast                      Earth                        1
   b - Passwall                       Transmutation/Earth          2
   c - Stone Arrow                    Conjuration/Earth            3
   d - Petrify                        Transmutation/Earth          4
   e - Lee's Rapid Deconstruction     Earth                        5


   Skills:
 + Level 9.2(6.9) Fighting
 - Level 10.1(7.8) Short Blades
 * Level 10.5(8.2) Dodging
 + Level 17.3(14.6) Stealth
 - Level 4.0(2.1) Shields
 - Level 9.3(7.0) Spellcasting
 - Level 5.9(3.8) Transmutations
 - Level 12.7(10.2) Earth Magic


You had 17 spell levels left.
You knew the following spells:

 Your Spells              Type           Power        Failure   Level  Hunger
a - Sandblast             Erth           #####.       1%          1    None
b - Passwall              Tmut/Erth      ####......   1%          2    None
d - Lee's Rapid Deconstr  Erth           #####.....   7%          5    #####..
e - Petrify               Tmut/Erth      ####....     9%          4    ####...


Dungeon Overview and Level Annotations

Branches:
Dungeon (1/1)

Altars:
Cheibriados
Dithmenos
Elyvilon
Fedhas
Gozag
Hepliaklqana
Kikubaaqudgha
Makhleb
Nemelex Xobeh
Okawaru
Qazlal
Ru
Sif Muna
Trog
Uskayaw
Vehumet
Wu Jian
Xom
Yredelemnul
Zin
The Shining One
Jiyva
Lugonu

Shops:
D !(**[**[?:*}}(:[*


Innate Abilities, Weirdness & Mutations

You have a pair of small horns on your head.
You are completely covered in icy blue scales. (AC +4, rC+)
A demonic guardian rushes to your aid.
You are immune to rotting.
You tend to lose your temper in combat.
Scrolls take you a little longer to read.
You are dopey. (Int -2)
Your magical capacity is very low. (-20% MP)
You expend magic power (3 MP) to strengthen your wands.


Message History

Aiming: Lee's Rapid Deconstruction
Press: ? - help, Dir - move target cursor, f - shadow dragon Fragment what (e.g. wall or brittle monster)?: a shadow dragon (purple smoke, severely wounded, hasn't noticed you, umbra)
You miscast Lee's Rapid Deconstruction.
You are very lightly contaminated with residual magic.
You momentarily stiffen.
Unknown command.
You start resting.
You avoid triggering an arrow trap.
There is an arrow trap here.
You avoid triggering an arrow trap.
There is an arrow trap here.
There is an open door here.
Casting: Lee's Rapid Deconstruction
Confirm with . or Enter, or press ? or * to list all spells.
Aiming: Lee's Rapid Deconstruction
Press: ? - help, Dir - move target cursor The wall shatters!
You are feeling hungry.
Eating one of 3 chunks of flesh.
You eat one of the 3 chunks of flesh.
This raw flesh tastes terrible.
What are your orders? t - Shout!
Orders for allies: a - Attack new target. r - Retreat! s - Stop attacking. g - Guard the area. f - Follow me.
Anything else - Cancel.
You shout for attention!
What are your orders? t - Shout!
Orders for allies: a - Attack new target. r - Retreat! s - Stop attacking. g - Guard the area. f - Follow me.
Anything else - Cancel.
You shout for attention!
What are your orders? t - Shout!
Orders for allies: a - Attack new target. r - Retreat! s - Stop attacking. g - Guard the area. f - Follow me.
Anything else - Cancel.
You shout for attention!
Casting: Lee's Rapid Deconstruction
Confirm with . or Enter, or press ? or * to list all spells.
Aiming: Lee's Rapid Deconstruction
Press: ? - help, Dir - move target cursor The wall shatters!
Unknown command.
You start resting.
All of the chunks of flesh in your inventory have rotted away.
Your magical contamination has completely faded away.
You start resting.
A shadow dragon is nearby!
Casting: Lee's Rapid Deconstruction
Confirm with . or Enter, or press ? or * to list all spells.
Aiming: Lee's Rapid Deconstruction
Press: ? - help, Dir - move target cursor The wall shatters!
The blast of rock fragments hits the shadow dragon.
The shadow dragon is almost dead.
The shadow dragon breathes negative energy at you.
The bolt of negative energy hits you!
You feel drained.
Ouch! That really hurt!
You die...

##########################
..#§§§§'§....§§..#^§'§§..#
#'#§####§.§§.##.@'^^D§§§.##
..#§#?###§§§#######+#§§§§§#
§.§§#+# ###+# #§§§§§# +####
##§§§.# ..^.# ###'## .§§.+
#[####+# #.).# ##§....§##
#^..# ##§.§§§..§## #§.##
#.§.^..^§§.#


You could see a shadow dragon.

Vanquished Creatures
  A golden dragon (D)
  A hydra (D)
  2 centaur warriors (D)
  Sonja (D)
  A deep troll (D)
  2 unseen horrors (D)
  A lindwurm (D)
  8 shining eyes (D)
  An oklob plant (D)
  A gargoyle (D)
  2 kobold demonologists (D)
  3 demonic crawlers (D)
  A hornet (D)
  A slime creature (D)
  2 redbacks (D)
  Sigmund (D)
  10 hogs (D)
  A yak (D)
  6 floating eyes (D)
  An ogre (D)
  7 necrophages (D)
  8 jellies (D)
  Ijyb (D)
  A ballistomycete spore (D)
64 creatures vanquished.

Vanquished Creatures (collateral kills)
  A demonic crawler (D)
  3 hogs (D)
  A floating eye (D)
5 creatures vanquished.

Vanquished Creatures (others)
  A gargoyle (D)
  A ballistomycete spore (D)
2 creatures vanquished.

Grand Total: 71 creatures vanquished

Notes
Turn   | Place    | Note
-------+----------+-------------------------------------------
     0 | D        | Amnesiac the Demonspawn Earth Elementalist began the quest for the Orb.
     0 | D        | Reached XP level 1. HP: 13/13 MP: 3/3
     1 | D        | Noticed Ijyb
    15 | D        | Killed Ijyb
    15 | D        | Reached skill level 6 in Stealth
    15 | D        | Gained mutation: You are partially covered in icy blue scales. (AC +2) [demonic ancestry]
    15 | D        | Reached XP level 2. HP: 19/19 MP: 0/5
    54 | D        | Learned a level 2 spell: Passwall
   102 | D        | Noticed Sigmund
   105 | D        | Killed Sigmund
   105 | D        | Reached XP level 3. HP: 17/24 MP: 0/6
   105 | D        | Reached XP level 4. HP: 21/30 MP: 0/7
   105 | D        | Gained mutation: A weak demonic guardian rushes to your aid. [demonic ancestry]
   105 | D        | Reached XP level 5. HP: 25/35 MP: 0/8
   111 | D        | Learned a level 4 spell: Petrify
   194 | D        | Noticed an ogre
   194 | D        | Killed an ogre
   194 | D        | Reached skill level 8 in Stealth
   231 | D        | Found a stormy altar of Qazlal.
   231 | D        | Found a blossoming altar of Fedhas.
   231 | D        | Found a bloodstained altar of Trog.
   231 | D        | Found an iron altar of Okawaru.
   231 | D        | Found a glowing golden altar of the Shining One.
   231 | D        | Found Xeneuh Nogoa's Weapon Emporium.
   231 | D        | Found a glowing silver altar of Zin.
   231 | D        | Found an ancient bone altar of Kikubaaqudgha.
   231 | D        | Found a white marble altar of Elyvilon.
   231 | D        | Found a hazy altar of Hepliaklqana.
   231 | D        | Found a hide-covered altar of Uskayaw.
   231 | D        | Found a basalt altar of Yredelemnul.
   231 | D        | Found a sparkling altar of Nemelex Xobeh.
   231 | D        | Found an opulent altar of Gozag.
   231 | D        | Found a snail-covered altar of Cheibriados.
   231 | D        | Found a sacrificial altar of Ru.
   231 | D        | Found a shadowy altar of Dithmenos.
   231 | D        | Noticed a yak
   231 | D        | Killed a yak
   231 | D        | Reached skill level 9 in Stealth
   231 | D        | Gained mutation: You are mostly covered in icy blue scales. (AC +3) [demonic ancestry]
   231 | D        | Reached XP level 6. HP: 41/41 MP: 6/9
   236 | D        | Became a worshipper of Dithmenos the Shadowed
   242 | D        | Found a deep blue altar of Sif Muna.
   242 | D        | Found a radiant altar of Vehumet.
   242 | D        | Found an ornate altar of the Wu Jian Council.
   248 | D        | Reached skill level 10 in Stealth
   339 | D        | Found a viscous altar of Jiyva.
   339 | D        | Found a corrupted altar of Lugonu.
   339 | D        | Found a burning altar of Makhleb.
   339 | D        | Found a shimmering altar of Xom.
   339 | D        | Noticed a slime creature
   339 | D        | Killed a slime creature
   339 | D        | Reached skill level 10 in Short Blades
   339 | D        | Reached skill level 11 in Stealth
   339 | D        | Reached XP level 7. HP: 46/46 MP: 7/10
   369 | D        | Killed a gargoyle
   377 | D        | Noticed a kobold demonologist
   377 | D        | Noticed a kobold demonologist
   377 | D        | Killed a kobold demonologist
   377 | D        | Reached * piety under Dithmenos
   377 | D        | Reached skill level 5 in Earth Magic
   380 | D        | Killed a kobold demonologist
   380 | D        | Reached skill level 5 in Spellcasting
   380 | D        | Gained mutation: You are completely covered in icy blue scales. (AC +4, rC+) [demonic ancestry]
   380 | D        | Reached XP level 8. HP: 52/52 MP: 8/16
   437 | D        | Noticed a demonic crawler
   437 | D        | Noticed a demonic crawler
   437 | D        | Noticed a demonic crawler
   437 | D        | Noticed a demonic crawler
   562 | D        | Noticed a lindwurm
   562 | D        | Killed a lindwurm
   562 | D        | Reached ** piety under Dithmenos
   641 | D        | Noticed Sonja
   641 | D        | Killed Sonja
   641 | D        | Reached skill level 10 in Earth Magic
   641 | D        | Reached XP level 9. HP: 57/57 MP: 16/20
   679 | D        | Found Mikluq's Distillery.
   688 | D        | Noticed a shining eye
   688 | D        | Noticed a shining eye
   688 | D        | Noticed a shining eye
   747 | D        | Noticed a deep troll
   747 | D        | Killed a deep troll
   778 | D        | Noticed a centaur warrior
   778 | D        | Noticed a centaur warrior
   778 | D        | Killed a centaur warrior
   778 | D        | Reached *** piety under Dithmenos
   780 | D        | Killed a centaur warrior
   780 | D        | Reached skill level 5 in Transmutations
   780 | D        | Gained mutation: You have a pair of small horns on your head. [demonic ancestry]
   780 | D        | Reached XP level 10. HP: 63/63 MP: 17/23
   803 | D        | Noticed an oklob plant
   805 | D        | Killed an oklob plant
   805 | D        | Reached **** piety under Dithmenos
   805 | D        | Reached skill level 12 in Stealth
   812 | D        | Found Vimeos's Armour Emporium.
   816 | D        | Bought a +0 pair of gloves for 54 gold pieces
   816 | D        | Bought a +0 pair of boots for 54 gold pieces
   832 | D        | Learned a level 5 spell: Lee's Rapid Deconstruction
  1006 | D        | Killed an unseen horror
  1006 | D        | Reached skill level 13 in Stealth
  1007 | D        | Reached ***** piety under Dithmenos
  1016 | D        | Killed an unseen horror
  1016 | D        | Reached skill level 14 in Stealth
  1105 | D        | Reached ****** piety under Dithmenos
  1107 | D        | Reached skill level 15 in Stealth
  1119 | D        | Paralysed by a floating eye for 3 turns
  1205 | D        | Found Luce Toe's Antique Weapon Boutique.
  1205 | D        | Found Laaloc's Assorted Antiques.
  1206 | D        | Found Risy's Armour Boutique.
  1206 | D        | Found Lyraewnaf's Book Emporium.
  1207 | D        | Found Lidd's Assorted Antiques.
  1235 | D        | Found Powuipsiwito's Assorted Antiques.
  1241 | D        | Found Sicvaz's General Store.
  1241 | D        | Found Cianod's General Store.
  1241 | D        | Found Awiggo Xure's Armour Shoppe.
  1241 | D        | Found Caqit's Magic Scroll Boutique.
  1241 | D        | Found Xeakhenom's Book Emporium.
  1241 | D        | Found Cushreff's General Store.
  1241 | D        | Found Wair's Gadget Shoppe.
  1245 | D        | Found Memit's Gadget Boutique.
  1260 | D        | Bought a scroll labeled INYOHEREHI for 23 gold pieces
  1300 | D        | Noticed a shining eye
  1300 | D        | Noticed a shining eye
  1300 | D        | Noticed a shining eye
  1301 | D        | Noticed a shining eye
  1301 | D        | Noticed a shining eye
  1302 | D        | Killed a shining eye
  1304 | D        | Killed a shining eye
  1304 | D        | Reached skill level 16 in Stealth
  1304 | D        | Gained mutation: A demonic guardian rushes to your aid. [demonic ancestry]
  1304 | D        | Reached XP level 11. HP: 68/68 MP: 15/24
  1305 | D        | Killed a shining eye
  1305 | D        | Gained mutation: Your magical capacity is low. (-10% MP) [a shining eye]
  1307 | D        | Killed a shining eye
  1308 | D        | Paralysed by a floating eye for 4 turns
  1312 | D        | Gained mutation: You expend magic power (3 MP) to strengthen your wands. [a shining eye]
  1312 | D        | Gained mutation: You are dopey. (Int -2) [a shining eye]
  1314 | D        | Killed a shining eye
  1314 | D        | Gained mutation: You are frail. (-10% HP) [a shining eye]
  1316 | D        | Killed a shining eye
  1316 | D        | Gained mutation: Your magical capacity is very low. (-20% MP) [a shining eye]
  1317 | D        | Gained mutation: You tend to lose your temper in combat. [a shining eye]
  1317 | D        | Gained mutation: Scrolls take you a little longer to read. [a shining eye]
  1318 | D        | Lost mutation: You are frail. (-10% HP) [a shining eye]
  1319 | D        | Killed a shining eye
  1319 | D        | Reached skill level 5 in Fighting
  1319 | D        | Reached skill level 5 in Dodging
  1322 | D        | Killed a shining eye
  1381 | D        | Bought a scroll labeled INYOHEREHI for 23 gold pieces
  1381 | D        | Bought a scroll labeled VIBEUM YQOM for 23 gold pieces
  1381 | D        | Bought a scroll labeled VIBEUM YQOM for 23 gold pieces
  1382 | D        | Bought a scroll labeled GODDOE UXEING for 31 gold pieces
  1382 | D        | Bought a scroll labeled GEMUOGHUKA for 31 gold pieces
  1388 | D        | Bought a scroll of identify for 20 gold pieces
  1388 | D        | Bought a scroll of identify for 20 gold pieces
  1388 | D        | Bought a scroll of remove curse for 30 gold pieces
  1388 | D        | Bought a potion of heal wounds for 50 gold pieces
  1388 | D        | Bought a potion of cancellation for 80 gold pieces
  1388 | D        | Bought a potion of might for 40 gold pieces
  1389 | D        | Bought a scroll of enchant weapon for 82 gold pieces
  1389 | D        | Bought a potion of heal wounds for 55 gold pieces
  1389 | D        | Bought a potion of heal wounds for 55 gold pieces
  1389 | D        | Bought a scroll of fear for 38 gold pieces
  1389 | D        | Bought a scroll of identify for 22 gold pieces
  1390 | D        | Bought the +2 buckler of Minor Irritation {-Tele Str+4} for 340 gold pieces
  1391 | D        | Bought a scroll of fog for 22 gold pieces
  1391 | D        | Bought a scroll of amnesia for 38 gold pieces
  1977 | D        | Noticed a 12-headed hydra
  1979 | D        | Killed a 12-headed hydra
  2043 | D        | Noticed a shadow dragon
  2043 | D        | Noticed a golden dragon
  2044 | D        | Killed a golden dragon
  2044 | D        | Reached skill level 10 in Dodging
  2044 | D        | Reached skill level 17 in Stealth
  2044 | D        | Gained mutation: You are immune to rotting. [demonic ancestry]
  2044 | D        | Reached XP level 12. HP: 95/95 MP: 15/20
  2165 | D        | Killed from afar by a shadow dragon

Vault maps used:
D:        dungeon_sprint_1

Skill      XL: |  1  2  3  4  5  6  7  8  9 10 11 |
---------------+----------------------------------+-----
Stealth        | 6 9 11 16 17 | 17.3
Short Blades   | 8 9 10 | 10.1
Spellcasting   | 5 7 9 |  9.3
Earth Magic    | 7 10 12 | 12.7
Transmutations | 5 |  5.9
Fighting       | 9 |  9.2
Dodging        | 10 | 10.5
Shields        | 4 |  4.0

Action                   |  1- 3 |  4- 6 |  7- 9 | 10-12 || total
-------------------------+-------+-------+-------+-------++-------
Melee: Unarmed           |    10 |       |       |       ||    10
       Dagger            |     1 |     3 |     8 |    27 ||    39
       Headbutt          |       |       |       |     2 ||     2
Throw: Stone             |       |       |     1 |       ||     1
 Cast: Sandblast         |     5 |     4 |       |    67 ||    76
       Passwall          |     2 |     5 |    15 |    10 ||    32
       Lee's Rapid Decon |       |       |       |    11 ||    11
Invok: Shadow Step       |       |       |       |     5 ||     5
  Use: Potion            |     1 |       |       |     3 ||     4
       Scroll            |       |       |       |     3 ||     3
 Stab: Sleeping          |     1 |     3 |     8 |    14 ||    26
  Eat: Bread ration      |       |       |       |     1 ||     1
       Chunk             |       |       |       |     3 ||     3
Armor: Robe              |     1 |       |       |       ||     1
       Leather armour    |       |     2 |       |    17 ||    19
Dodge: Dodged            |     5 |     1 |       |    42 ||    48

Table legend:
 A = Spawn XP
 B = Non-spawn XP
 C = Spawn XP percentage of total XP
 D = Spawn monster count
 E = Non-spawn monster count
 F = Spawn count percentage of total count
 G = Total turns spent on level
                    A         B        C        D         E        F      G
               +---------+---------+-------+---------+---------+-------+---------
         Total |       0 |   23912 |   0.0 |       0 |      68 |   0.0 |  2165
               +---------+---------+-------+---------+---------+-------+---------
             D |       0 |   23912 |   0.0 |       0 |      68 |   0.0 |  2165
               +---------+---------+-------+---------+---------+-------+---------
